 Dungeon Crawl Stone Soup version 0.28-a0-1038-g9c4cb8273d (webtiles) character file.

Game seed: 13555437764779077535

108 Htamos the Conjurer (level 4, 0/25 HPs)
             Began as a Deep Elf Conjurer on Dec 8, 2021.
             Killed by divine providence
             ... invoked by an orc priest
              (14 damage)
             ... on level 3 of the Dungeon.
             The game lasted 00:04:47 (2402 turns).

Htamos the Conjurer (Deep Elf Conjurer)             Turns: 2402, Time: 00:04:48

Health: 0/25       AC:  5    Str:  6    XL:     4   Next: 58%
Magic:  12/12      EV: 10    Int: 23    God:
Gold:   221        SH:  0    Dex: 13    Spells: 8/11 levels left

rFire   . . .      SeeInvis .   q - +3 dagger
rCold   . . .      Faith    .   (no shield)
rNeg    . . .      Spirit   .   p - +0 ring mail
rPois   .          Reflect  .   (no helmet)
rElec   .          Harm     .   (no cloak)
rCorr   .          Rampage  .   (no gloves)
Will    .....                   (no boots)
Stlth   ++........              d - amulet of regeneration
HPRegen 0.88/turn               (no ring)
MPRegen 0.13/turn               (no ring)

@: no status effects
A: no striking features
a: no special abilities


You were on level 3 of the Dungeon.
You visited 1 branch of the dungeon, and saw 3 of its levels.

You collected 221 gold pieces.

Inventory:

Hand Weapons
 e - a +0 short sword
 k - a +0 dagger
 n - a +1 dagger of venom
 q - a +3 dagger (weapon)
Missiles
 f - 109 stones
Armour
 a - a +0 robe
 c - a +0 scale mail
 i - a +0 leather armour of cold resistance
 p - a +0 ring mail (worn)
Jewellery
 d - an amulet of regeneration (around neck)
Scrolls
 b - a scroll of acquirement {unknown}
 h - a scroll of teleportation {unknown}
 r - a scroll of enchant weapon {unknown}
 s - 2 scrolls of holy word
 t - a scroll of fear {unknown}
Potions
 g - a potion of mutation {unknown}
 j - a potion of flight
 l - 2 potions of attraction {unknown}
 m - a potion of lignification
 o - a potion of berserk rage {unknown}
 u - a potion of might {unknown}


   Skills:
 * Level 1.5 Fighting
 + Level 2.9 Dodging
 + Level 3.0 Stealth
 * Level 4.1 Spellcasting
 * Level 5.0 Conjurations
 + Level 0.9 Hexes


You had 8 spell levels left.
You knew the following spells:

 Your Spells              Type           Power      Damage    Failure   Level
a - Magic Dart            Conj           100%       1d8       5%          1
b - Ensorcelled Hibernat  Hex/Ice        12%        N/A       45%         2

Your spell library contained the following spells:

 Spells                   Type           Power      Damage    Failure   Level
 Searing Ray              Conj           54%        2d6       9%          2
 Dazzling Flash           Conj/Hex       36%        N/A       36%         3
 Tukima's Dance           Hex            9%         N/A       65%         3
 Fulminant Prism          Conj/Hex       9%         3d7       77%         4
 Iskenderun's Mystic Bla  Conj/Tloc      16%        2d5       83%         4


Dungeon Overview and Level Annotations

Branches:
Dungeon (3/15)

Altars:


Message History

Aiming: Magic Dart (safe; 5% risk of failure)
Press: ? - help, Shift-Dir - straight line, f/p - worm
Aim: a worm (severely wounded, 100% to hit)
The magic dart hits the worm.
The worm is severely wounded.
Casting: Magic Dart (safe; 5% risk of failure)
Confirm with . or Enter, or press ? or * to list all spells.
Aiming: Magic Dart (safe; 5% risk of failure)
Press: ? - help, Shift-Dir - straight line, f/p - worm
Aim: a worm (severely wounded, 100% to hit)
The magic dart hits the worm.
You kill the worm!
t - a scroll labelled SOXKUX LOEDUBI You see here a worm corpse.
u - a smoky green potion As you open the door, it creaks loudly!
There is an open door here.
Found a stone staircase leading up.
An orc priest comes into view. It is wielding a +0 hand axe.
The orc priest shouts!
An orc comes into view. It is wielding a +0 dagger.
The orc priest invokes the aid of Beogh against you.
Beogh smites you!
Ouch! That really hurt!
* * * LOW HITPOINT WARNING * * *
You hear a shout!
There is a stone staircase leading up here.
You climb upwards.
There is a stone staircase leading down here.
You start resting.
HP restored.
You climb downwards.
The orc shouts! x2
The orc priest invokes the aid of Beogh against you.
Beogh smites you!
There is a stone staircase leading up here.
The orc priest calls down the wrath of Beogh upon you.
Beogh smites you!
Ouch! That really hurt!
You die...

#.........# #.#######.#
#.#.....#.# #.#.#...#.#
#.#.....#'##
######..........##+######
#...............#.......#
#................o....#...
#......†....@...oo..<.....
###########.........##+#...o
#........##..........# ...
#........#.............. ..
#........#....#......... .
#....^...#...............
#........#...........#+#.
#....................#
#............#####+


You could see an orc priest and 2 orcs.

Vanquished Creatures
  4 adders
  3 worms
  2 dart slugs
  An orc (D:3)
  8 bats
  3 endoplasms
  5 giant cockroaches
  5 goblins
  4 hobgoblins
  6 kobolds
  3 quokkas
  5 ball pythons
  2 frilled lizards (D:2)
  3 rats
54 creatures vanquished.

Notes
Turn   | Place    | Note
-------+----------+-------------------------------------------
     0 | D:1      | Htamos the Deep Elf Conjurer began the quest for the Orb.
     0 | D:1      | Reached XP level 1. HP: 10/10 MP: 6/6
   240 | D:1      | Reached XP level 2. HP: 16/16 MP: 5/8
   478 | D:1      | Found a faded altar of an unknown god.
   756 | D:1      | Learned a level 2 spell: Ensorcelled Hibernation
   920 | D:2      | Reached skill level 1 in Fighting
   920 | D:2      | Reached XP level 3. HP: 20/20 MP: 8/10
  1501 | D:2      | Reached XP level 4. HP: 25/25 MP: 8/11
  2167 | D:3      | Reached skill level 5 in Conjurations
  2402 | D:3      | Killed from afar by an orc priest

Illustrated notes

Levels and vault maps discovered:
D:1:      minmay_arrival_radiant_lines, layout_basic,
          shapermc_ecumenical_altar_mp_urbaneastern
D:2:      layout_basic, minmay_hexomino_p4
D:3:      layout_basic

Skill      XL: |  1  2  3  4 |
---------------+-------------+-----
Fighting       | 1 |  1.5
Spellcasting   | 4 |  4.1
Conjurations   | 5 |  5.0
Stealth        | 3 |  3.0
Dodging        | |  2.9
Hexes          | |  0.9

Action                   |  1- 3 |  4- 6 || total
-------------------------+-------+-------++-------
 Cast: Magic Dart        |    81 |    31 ||   112
  Use: Scroll            |       |     3 ||     3
Armor: Leather armour    |     1 |       ||     1
Dodge: Dodged            |     4 |       ||     4

Table legend: (Time is in decaauts)
 A = Elapsed time spent in this place.
 B = Non-inter-level travel time spent in this place.
 C = Inter-level travel time spent in this place.
 D = Time resting spent in this place.
 E = Time spent auto-exploring this place.
 F = Levels seen in this place.
 G = Mean time per level.
                   A        B        C        D        E       F      G
               +--------+--------+--------+--------+--------+-----+--------+
         Total |   2401 |   2326 |     75 |     48 |   1935 |   3 |  800.3 |
       Dungeon |   2401 |   2326 |     75 |     48 |   1935 |   3 |  800.3 |
               +--------+--------+--------+--------+--------+-----+--------+

Top non-repeatable levels by time:
     D:2: 1120 daAuts
     D:1: 914 daAuts
     D:3: 366 daAuts
